 Dungeon Crawl Stone Soup version 0.29.1 (webtiles) character file.

Game seed: 8417620113399555889

79546 qw the Severer (level 15, -2/96 HPs)
             Began as a Gargoyle Fighter on Sept 13, 2022.
             Was a High Priest of Okawaru.
             Killed by divine providence
             ... invoked by an orc priest
              (10 damage)
             ... on level 2 of the Orcish Mines.
             The game lasted 00:08:12 (20251 turns).

qw the Severer (Gargoyle Fighter)                  Turns: 20251, Time: 00:08:12

Health: -2/96      AC: 40    Str: 34    XL:     15   Next: 64%
Magic:  22/22      EV:  9    Int: 12    God:    Okawaru [*****.]
Gold:   29         SH: 12    Dex:  9    Spells: 14/14 levels left

rFire   . . .      SeeInvis +   p - +4 broad axe of the Shrinking Gods {vamp, rPois rCorr Int+3 Dex-3}
rCold   . . .      Faith    .   c - +0 buckler
rNeg    + . .      Spirit   .   z - +1 crystal plate armour
rPois   inf        Reflect  +   x - +2 helmet {SInv}
rElec   +          Harm     .   l - +0 cloak
rCorr   +          Rampage  .   r - +2 pair of gloves
Will    +....                   (no boots)
Stlth   ..........              s - amulet of reflection
HPRegen 0.26/turn               E - ring of Piecao {Str+6 Slay+3}
MPRegen 0.18/turn               a - +4 ring of protection

@: about to teleport, heroic, spiked, corroded, flying
A: sickness immunity, AC +11, big wings, negative energy resistance 1,
electricity resistance, torment resistance 1, petrification resistance, hooves
1, agile 1, strong 1
a: Renounce Religion, Heroism, Finesse, Duel


You were on level 2 of the Orcish Mines.
You worshipped Okawaru.
Okawaru was extremely pleased with you.
You visited 4 branches of the dungeon, and saw 23 of its levels.

You collected 992 gold pieces.
You spent 963 gold pieces at shops.


Innate Abilities, Weirdness & Mutations

You are immune to sickness and miasma.
Your stone body is resilient. (AC +11)
You are immune to poison.
Your large and strong wings let you fly.
You resist negative energy. (rN+)
You are resistant to electric shocks. (rElec)
You are resistant to unholy torment.
You are immune to petrification.
You have large cloven feet.
You are agile. (Dex +4, Str/Int -1)
Your muscles are strong. (Str +4, Int/Dex -1)


   Skills:
 - Level 12.0(17.0) Fighting
 - Level 16.0(21.0) Axes
 + Level 5.9(10.9) Throwing
 - Level 14.5(19.5) Armour
 - Level 3.2(8.2) Dodging
 - Level 8.0(13.0) Shields
 - Level 10.0 Invocations


You had 14 spell levels left.
You didn't know any spells.
Your spell library was empty.

Inventory:

Hand Weapons
 b - a +1 war axe of flaming
 p - the +4 broad axe of the Shrinking Gods (weapon) {vamp, rPois rCorr Int+3 Dex-3}
   (You acquired it on level 8 of the Dungeon)

   It occasionally heals its wielder for a portion of the damage dealt when it
   wounds a living foe.
   Int:       It affects your intelligence (+3).
   Dex:       It affects your dexterity (-3).
   rPois:     It protects you from poison.
   rCorr:     It protects you from acid and corrosion.
 y - the +12 war axe "Grim Tooth" {pain, rC++ Stlth+}
   (You acquired it on level 11 of the Dungeon)

   In the hands of one skilled in necromantic magic, it inflicts extra damage on
   living creatures.
   rC:        It greatly protects you from cold.
   Stlth:     It makes you more stealthy.
Missiles
 h - 14 boomerangs
 C - a silver javelin (quivered)
Armour
 c - a +0 buckler (worn)
 l - a +0 cloak (worn)
 m - +0 acid dragon scales
 r - a +2 pair of gloves (worn)
 x - a +2 helmet of see invisible (worn)
 z - a +1 crystal plate armour (worn)
Jewellery
 a - a +4 ring of protection (right hand)
 s - an amulet of reflection (around neck)
 t - a ring of protection from cold
 u - a ring of protection from fire
 E - the ring of Piecao (left hand) {Str+6 Slay+3}
   (You found it on level 15 of the Dungeon)

   [ring of strength]

   Str:       It affects your strength (+6).
   Slay:      It affects your accuracy & damage with ranged weapons and melee
   (+3).
Scrolls
 e - 4 scrolls of brand weapon
 f - 15 scrolls of identify
 o - 7 scrolls of teleportation
 A - 2 scrolls of fog
 B - a scroll of blinking
 D - a scroll of enchant weapon
Potions
 d - 8 potions of might
 g - 7 potions of attraction
 i - 7 potions of heal wounds
 j - 6 potions of curing
 k - 5 potions of lignification
 q - 3 potions of haste
 v - 3 potions of magic
 w - 2 potions of cancellation
 F - 2 potions of mutation

Dungeon Overview and Level Annotations

Branches:
Dungeon (15/15)            Temple (1/1) D:6            Lair (5/5) D:11
  Swamp (0/4) Lair:2        Snake (0/4) Lair:2        Slime (0/5) Lair:4
    Orc (1/2) D:11         Vaults (0/5) D:14         Depths (0/4) D:15

Altars:
Ashenzari
Cheibriados
Dithmenos
Elyvilon
Fedhas
Gozag
Hepliaklqana
Kikubaaqudgha
Makhleb
Nemelex Xobeh
Okawaru
Qazlal
Ru
Sif Muna
Trog
Uskayaw
Vehumet
Wu Jian
Xom
Yredelemnul
Zin
The Shining One
Jiyva

Shops:
D:2 *   D:7 *   D:9 =   D:15 :(?   Orc:2 :[

Portals:
Bailey: D:10

Annotations:
D:10 1 runed translucent door, Apidaj's ghost, journeyman TrCA
D:12 4 transporters


Message History

The chaos spawn gores you but does no damage.
The rust devil hits you.
You hear a shout!
The hellwing hits you but does no damage. x2
The orc sorcerer mumbles some strange words.
The orc wizard hits you but does no damage.
The orc warrior hits you from afar with a +0 halberd.
The chaos spawn hits you.
You are engulfed in flames!
The rust devil hits you. The rust devil corrodes you!
The hellwing hits you but does no damage. x2
The orc sorcerer hits you but does no damage.
The orc warrior hits you from afar with a +0 halberd.
The chaos spawn gores you but does no damage.
The rust devil hits you!
The red devil hits you from afar with a +0 trident.
Barbed spikes become lodged in your body.
Your attacks no longer feel as feeble.
The ufetubus disappears in a puff of smoke!
The hellwing hits you but does no damage. x2
The orc sorcerer wildly gestures.
You feel troubled.
The orc sorcerer hits you but does no damage.
The orc wizard mumbles some strange words.
The orc wizard flickers and vanishes for a moment.
The orc warrior hits you from afar with a +0 halberd!
The orc priest miscasts a cantrip.
The chaos spawn hits you but does no damage.
The rust devil hits you. The rust devil corrodes you!
The ynoxinul gestures.
The red devil hits you but does no damage.
You can move again.
20251 ||| READING 8 scrolls of teleportation.
As you read the scroll of teleportation, it crumbles to dust.
You feel strangely unstable. You block the hellwing's attack.
The hellwing barely misses you. You block the orc sorcerer's attack.
The orc priest looks satisfied for a moment.
The orc priest invokes the aid of Beogh against you.
Beogh smites you!
You die...

#. . .# ..
..... .. \. .
..... ...#\
.##.o.. #5..5
..#..#
##.oo###....#
#.o3o4#)....#
#o@oo...#
##44.)..#
..oo..4))..##
..........##
###########


You could see an orc high priest, a hellwing (summoned), a rust devil
(summoned), a ynoxinul (summoned), a chaos spawn (summoned), an orc sorcerer, a
red devil (summoned), an orc warrior, 3 orc priests, an orc wizard (invisible),
an orc and 2 ufetubi.

Vanquished Creatures
  Frances (D:12)
  Gastronok (D:8)
  A stone giant (D:15)
  Snorg (D:12)
  4 vault guards (D:14)
  3 hydras
  A merfolk avatar (Lair:5)
  3 catoblepae
  A death knight (D:14)
  5 boulder beetles
  2 two-headed ogres
  4 centaur warriors
  3 death yaks (Lair:4)
  2 orc high priests (Orc:2)
  Sonja (Lair:4)
  Nergalle (Lair:3)
  A fire crab (Lair:3)
  6 skeletal warriors
  2 harpies (Lair:5)
  A deep elf pyromancer (D:14)
  18 ugly things
  5 cyclopes
  8 oklob plants (Lair:4)
  3 manticores
  6 elephants
  6 black mambas
  A torpor snail (Lair:5)
  11 cane toads
  Maggie (D:6)
  Psyche (D:11)
  An efreet (D:15)
  10 komodo dragons
  2 rime drakes
  2 wind drakes (Lair:5)
  7 trolls
  3 polar bears
  A wolf spider simulacrum (D:15)
  Grinder (D:3)
  4 hornets
  5 blink frogs
  A snapping turtle (Lair:5)
  A raiju (shapeshifter) (D:13)
  13 dream sheep
  2 shadows
  39 yaks
  A vampire (D:11)
  10 wyverns
  4 wraiths
  A hog (shapeshifter) (D:15)
  5 fire bats (Lair:3)
  A human (shapeshifter) (D:15)
  13 vampire mosquitoes
  3 basilisks
  2 steam dragons (Lair:5)
  2 acid dragons
  8 nagas (Lair:2)
  Menkaure (D:6)
  A floating eye (Lair:4)
  19 water moccasins
  6 black bears
  Duvessa (D:6)
  9 orc warriors
  3 ice beasts
  11 centaurs
  An ogre (D:5)
  14 wolves
  3 phantoms (D:6)
  A kobold brigand (D:10)
  Blork the orc (D:5)
  11 bullfrogs
  A gnoll sergeant (D:8)
  5 scorpions
  Dowan (D:6)
  4 killer bees
  A howler monkey (D:9)
  2 electric eels
  2 lava snakes (D:15)
  2 hounds
  2 jellies
  A gnoll bouda (D:6)
  15 orc priests
  4 iguanas
  13 orc wizards
  4 hell rats (Lair:5)
  5 gnolls (D:8)
  10 adders
  3 river rats (Lair:5)
  A shadow imp (D:5)
  A worm (D:3)
  3 dart slugs
  32 orcs
  5 ball pythons
  3 bats
  6 endoplasms
  3 giant cockroaches
  10 goblins
  7 hobgoblins
  8 jackals
  10 kobolds
  10 quokkas
  3 frilled lizards
  13 rats
  A spectral hobgoblin (D:15)
  A bush (Lair:4)
520 creatures vanquished.

Vanquished Creatures (others)
  26 fungi
  39 plants
65 creatures vanquished.

Grand Total: 585 creatures vanquished

Notes
Turn   | Place    | Note
-------+----------+-------------------------------------------
     0 | D:1      | qw the Gargoyle Fighter began the quest for the Orb.
     0 | D:1      | Reached XP level 1. HP: 14/14 MP: 1/1
     0 | D:1      | 0 ||| qw: Version: 0.1-a-119-g272c26d
     0 | D:1      | 0 ||| qw: Game counter: 11142
     0 | D:1      | 0 ||| qw: Always use a shield: true
     0 | D:1      | 0 ||| qw: God list: Okawaru
     0 | D:1      | 0 ||| qw: Allow faded altars: false
     0 | D:1      | 0 ||| qw: Do Orc after D:15 true
     0 | D:1      | 0 ||| qw: Do second Lair branch before Depths: true
     0 | D:1      | 0 ||| qw: Lair rune preference: random
     0 | D:1      | 0 ||| qw: Plans: Normal, Zot, God:TSO, Crypt, Tomb, Pan,
                  | Slime, Hells, Zig, Abyss, Orb
     0 | D:1      | 0 ||| PLANNING D:1-11
    30 | D:1      | 30 ||| Stepping ~*~*~tactically~*~*~ (hiding).
    42 | D:1      | Reached skill level 2 in Axes
    43 | D:1      | 43 ||| Stepping ~*~*~tactically~*~*~ (stealth).
    45 | D:1      | 45 ||| Stepping ~*~*~tactically~*~*~ (stealth).
    52 | D:1      | Reached XP level 2. HP: 19/19 MP: 2/2
    74 | D:1      | HP: 3/19 [frozen (3)]
   667 | D:1      | Found a faded altar of an unknown god.
   699 | D:1      | Reached skill level 3 in Axes
   771 | D:1      | Reached XP level 3. HP: 20/23 MP: 3/3
  1069 | D:1      | 1069 ||| UPGRADING to +0 cloak.
  1074 | D:1      | 1074 ||| DROPPING amulet of faith.
  1075 | D:1      | 1075 ||| READING 2 scrolls labelled VIM ZIDOUTEMMAUL.
  1076 | D:1      | 1076 ||| READING scroll labelled XAQOMI LONLALO.
  1077 | D:1      | 1077 ||| READING scroll labelled MUHOWIK TEGEST.
  1078 | D:1      | 1078 ||| READING scroll labelled TUPTON NIULUSA.
  1079 | D:1      | 1079 ||| READING scroll labelled XIC IRUASTRE.
  1080 | D:1      | 1080 ||| DROPPING +0 club.
  1081 | D:1      | 1081 ||| READING scroll labelled ZIEMNU EFRUW.
  1082 | D:1      | 1082 ||| READING 3 scrolls labelled ENNAFYFFUGHO.
  1087 | D:1      | 1087 ||| DROPPING scroll of magic mapping.
  1134 | D:2      | Found a basalt altar of Yredelemnul.
  1160 | D:2      | 1160 ||| Stepping ~*~*~tactically~*~*~ (hiding).
  1619 | D:2      | Found Ofes's General Store.
  1638 | D:2      | 1638 ||| SHOPLISTING ring of willpower (300 gold, have 46).
  1638 | D:2      | 1638 ||| BUYING scroll of identify (24 gold).
  1638 | D:2      | Bought a scroll of identify for 24 gold pieces
  1638 | D:2      | 1638 ||| SHOPLISTING scroll of teleportation (36 gold, have
                  | 22).
  1758 | D:2      | 1758 ||| Stepping ~*~*~tactically~*~*~ (stealth).
  2090 | D:2      | 2090 ||| UPGRADING to +0 pair of gloves.
  2095 | D:2      | 2095 ||| DROPPING amulet of magic regeneration.
  2096 | D:2      | 2096 ||| READING scroll labelled USULAUWEHA.
  2140 | D:2      | 2140 ||| READING scroll labelled JIOL ELIQIUC.
  2141 | D:2      | 2141 ||| READING scroll labelled WAANWO UMUU.
  2142 | D:2      | 2142 ||| READING scroll labelled FOUPAQ EFUFOST.
  2143 | D:2      | 2143 ||| DRINKING 2 fuming puce potions.
  2143 | D:2      | Gained mutation: Armour fits poorly on your strangely
                  | shaped body. [potion of mutation]
  2143 | D:2      | Gained mutation: You passively dampen the noise of your
                  | surroundings. [potion of mutation]
  2144 | D:2      | 2144 ||| DRINKING potion of mutation.
  2144 | D:2      | Lost mutation: You passively dampen the noise of your
                  | surroundings. [potion of mutation]
  2144 | D:2      | Lost mutation: Armour fits poorly on your strangely shaped
                  | body. [potion of mutation]
  2144 | D:2      | Gained mutation: You have large cloven feet. [potion of
                  | mutation]
  2144 | D:2      | Gained mutation: Your muscles are strong. (Str +4, Int/Dex
                  | -1) [potion of mutation]
  2144 | D:2      | Gained mutation: You are agile. (Dex +4, Str/Int -1)
                  | [potion of mutation]
  2145 | D:2      | 2145 ||| DRINKING 2 bubbling coppery potions.
  2146 | D:2      | 2146 ||| DRINKING 2 bubbling amethyst potions.
  2147 | D:2      | 2147 ||| READING 6 scrolls of identify.
  2147 | D:2      | 2147 ||| IDENTIFYING clear potion
  2148 | D:2      | 2148 ||| READING 5 scrolls of identify.
  2148 | D:2      | 2148 ||| IDENTIFYING orange potion
  2149 | D:2      | 2149 ||| READING 4 scrolls of identify.
  2149 | D:2      | 2149 ||| IDENTIFYING dark potion
  2150 | D:2      | 2150 ||| DROPPING potion of degeneration.
  2151 | D:2      | 2151 ||| DROPPING potion of invisibility.
  2226 | D:3      | Found a white marble altar of Elyvilon.
  2414 | D:3      | Noticed Grinder
  2424 | D:3      | HP: 2/23 [Grinder/nerve-wracking pain (4)]
  2425 | D:3      | 2425 ||| READING 2 scrolls of teleportation.
  2804 | D:3      | Reached XP level 4. HP: 18/28 MP: 4/4
  2811 | D:3      | Reached skill level 1 in Throwing
  2970 | D:3      | 2970 ||| Stepping ~*~*~tactically~*~*~ (stealth).
  2976 | D:3      | 2976 ||| Stepping ~*~*~tactically~*~*~ (stealth).
  3066 | D:3      | Reached skill level 4 in Axes
  3136 | D:3      | 3136 ||| Stepping ~*~*~tactically~*~*~ (stealth).
  3172 | D:3      | 3172 ||| READING scroll of enchant armour.
  3172 | D:3      | 3172 ||| ENCHANTING +0 pair of gloves.
  3196 | D:3      | HP: 4/28 [Grinder (4)]
  3197 | D:3      | 3197 ||| READING scroll of teleportation.
  3198 | D:3      | Killed Grinder
  3199 | D:3      | Reached skill level 5 in Axes
  3199 | D:3      | Reached XP level 5. HP: 5/32 MP: 5/5
  3199 | D:3      | Reached XP level 6. HP: 6/37 MP: 6/6
  3652 | D:3      | 3652 ||| READING scroll of enchant armour.
  3652 | D:3      | 3652 ||| ENCHANTING +1 pair of gloves.
  3754 | D:3      | Noticed a water moccasin
  3796 | D:3      | 3796 ||| UPGRADING to +1 helmet.
  3801 | D:3      | 3801 ||| UPGRADING to +4 ring of evasion.
  3802 | D:3      | 3802 ||| READING 5 scrolls of identify.
  3802 | D:3      | 3802 ||| IDENTIFYING viscous grey potion
  3803 | D:3      | 3803 ||| READING 4 scrolls of identify.
  3803 | D:3      | 3803 ||| IDENTIFYING fizzy emerald potion
  3804 | D:3      | 3804 ||| DROPPING potion of berserk rage.
  3842 | D:4      | 3842 ||| Stepping ~*~*~tactically~*~*~ (stealth).
  4141 | D:4      | Reached skill level 1 in Dodging
  4490 | D:4      | 4490 ||| UPGRADING to +0 chain mail.
  4500 | D:4      | 4500 ||| DROPPING +0 scale mail.
  4501 | D:4      | 4501 ||| READING 3 scrolls of identify.
  4501 | D:4      | 4501 ||| IDENTIFYING sedimented grey potion
  4502 | D:4      | 4502 ||| DROPPING potion of brilliance.
  4560 | D:5      | Entered Level 5 of the Dungeon
  4561 | D:5      | 4561 ||| PLANNING SEWER
  4587 | D:5      | Reached XP level 7. HP: 36/43 MP: 7/7
  4677 | D:5      | Noticed a yak
  4683 | D:5      | Killed a yak
  4684 | D:5      | Reached skill level 6 in Axes
  4859 | D:5      | Noticed a yak
  4861 | D:5      | Noticed a yak
  4871 | D:5      | Killed a yak
  4872 | D:5      | Reached skill level 7 in Axes
  4872 | D:5      | Killed a yak
  4873 | D:5      | Reached XP level 8. HP: 22/49 MP: 8/8
  5140 | D:5      | 5140 ||| Stepping ~*~*~tactically~*~*~ (hiding).
  5170 | D:5      | 5170 ||| FLEEEEING.
  5172 | D:5      | 5172 ||| FLEEEEING.
  5173 | D:5      | 5173 ||| FLEEEEING.
  5174 | D:5      | 5174 ||| FLEEEEING.
  5175 | D:5      | 5175 ||| FLEEEEING.
  5176 | D:5      | 5176 ||| FLEEEEING.
  5177 | D:5      | 5177 ||| FLEEEEING.
  5178 | D:5      | 5178 ||| FLEEEEING.
  5179 | D:5      | 5179 ||| FLEEEEING.
  5326 | D:5      | 5326 ||| Stepping ~*~*~tactically~*~*~ (stealth).
  5331 | D:5      | 5331 ||| RIP SEWER
  5338 | D:5      | 5338 ||| PLANNING D:1-11
  5346 | D:5      | Noticed Blork the orc
  5347 | D:5      | 5347 ||| Stepping ~*~*~tactically~*~*~ (hiding).
  5354 | D:5      | Killed Blork the orc
  5549 | D:5      | Reached skill level 8 in Axes
  5550 | D:5      | 5550 ||| UPGRADING to +4 ring of protection.
  5689 | D:6      | 5689 ||| Stepping ~*~*~tactically~*~*~ (stealth).
  5710 | D:6      | Found a burning altar of Makhleb.
  5733 | D:6      | Noticed Duvessa
  5733 | D:6      | Noticed Dowan
  5739 | D:6      | Killed Duvessa
  5740 | D:6      | Reached skill level 6 in Fighting
  5745 | D:6      | Killed Dowan
  5756 | D:6      | Reached XP level 9. HP: 37/56 MP: 9/9
  5880 | D:6      | 5880 ||| Stepping ~*~*~tactically~*~*~ (hiding).
  5894 | D:6      | Reached skill level 9 in Axes
  5914 | D:6      | 5914 ||| Stepping ~*~*~tactically~*~*~ (stealth).
  5968 | D:6      | Noticed Maggie
  5979 | D:6      | Killed Maggie
  5980 | D:6      | Reached skill level 6 in Armour
  6042 | D:6      | 6042 ||| SWAPPING to +0 broad axe.
  6078 | D:6      | Found a staircase to the Ecumenical Temple.
  6079 | D:6      | 6079 ||| PLANNING TEMPLE
  6079 | D:6      | 6079 ||| READING scroll labelled UDICUTS VICLI.
  6094 | Temple   | Entered the Ecumenical Temple
  6129 | Temple   | 6129 ||| PLANNING D:1-11
  6155 | Temple   | Became a worshipper of Warmaster Okawaru
  6402 | D:6      | 6402 ||| Stepping ~*~*~tactically~*~*~ (hiding).
  6480 | D:6      | Noticed Menkaure
  6481 | D:6      | 6481 ||| Stepping ~*~*~tactically~*~*~ (hiding).
  6486 | D:6      | Killed Menkaure
  6690 | D:6      | 6690 ||| DROPPING +1 helmet.
  6691 | D:6      | 6691 ||| READING 3 scrolls of identify.
  6691 | D:6      | 6691 ||| IDENTIFYING black potion
  6778 | D:7      | 6778 ||| Stepping ~*~*~tactically~*~*~ (hiding).
  6779 | D:7      | 6779 ||| Stepping ~*~*~tactically~*~*~ (hiding).
  7315 | D:7      | Found Awiud's Serpentskin Sales.
  7319 | D:7      | Reached * piety under Okawaru
  7429 | D:7      | Found a blossoming altar of Fedhas.
  7438 | D:7      | Reached XP level 10. HP: 63/63 MP: 10/10
  7438 | D:7      | Found a glowing silver altar of Zin.
  7442 | D:7      | 7442 ||| INVOKING Heroism.
  7443 | D:7      | Found an ornate altar of the Wu Jian Council.
  7444 | D:7      | Found a stormy altar of Qazlal.
  7448 | D:7      | Reached skill level 10 in Axes
  7460 | D:7      | Found a shimmering blue altar of Sif Muna.
  7463 | D:7      | Found a hazy altar of Hepliaklqana.
  7505 | D:7      | 7505 ||| UPGRADING to +0 plate armour.
  7515 | D:7      | 7515 ||| DROPPING +0 chain mail.
  7554 | D:8      | 7554 ||| Stepping ~*~*~tactically~*~*~ (hiding).
  7557 | D:8      | 7557 ||| Stepping ~*~*~tactically~*~*~ (hiding).
  7582 | D:8      | HP: 6/63 [orc priest/divine providence (13)]
  7583 | D:8      | 7583 ||| READING 4 scrolls of teleportation.
  7584 | D:8      | 7584 ||| DRINKING 4 potions of heal wounds.
  7585 | D:8      | 7585 ||| DRINKING 3 potions of heal wounds.
  7838 | D:8      | 7838 ||| INVOKING Heroism.
  7975 | D:8      | Reached skill level 1 in Invocations
  8016 | D:8      | Noticed Gastronok
  8017 | D:8      | 8017 ||| INVOKING Heroism.
  8029 | D:8      | 8029 ||| INVOKING Heroism.
  8037 | D:8      | Killed Gastronok
  8037 | D:8      | Reached ** piety under Okawaru
  8038 | D:8      | Reached skill level 3 in Invocations
  8155 | D:8      | 8155 ||| Stepping ~*~*~tactically~*~*~ (stealth).
  8156 | D:8      | 8156 ||| Stepping ~*~*~tactically~*~*~ (stealth).
  8255 | D:8      | 8255 ||| Stepping ~*~*~tactically~*~*~ (stealth).
  8330 | D:8      | Noticed a boulder beetle
  8332 | D:8      | 8332 ||| INVOKING Heroism.
  8352 | D:8      | Killed a boulder beetle
  8700 | D:8      | 8700 ||| UPGRADING to +1 hat of see invisible.
  8710 | D:8      | 8710 ||| READING scroll labelled ANOEMO IFAOTH.
  8710 | D:8      | Identified a scroll of acquirement
  8710 | D:8      | 8710 ||| ACQUIRING +4 broad axe of the Shrinking Gods
                  | {vamp, rPois rCorr Int+3 Dex-3}
  8710 | D:8      | Acquired the +4 broad axe of the Shrinking Gods {vamp,
                  | rPois rCorr Int+3 Dex-3}
  8712 | D:8      | 8712 ||| SWAPPING to +4 broad axe of the Shrinking Gods
                  | {vamp, rPois rCorr Int+3 Dex-3}.
  8713 | D:8      | 8713 ||| DROPPING +0 broad axe.
  8773 | D:9      | Found an opulent altar of Gozag.
  8807 | D:9      | 8807 ||| Stepping ~*~*~tactically~*~*~ (stealth).
  8825 | D:9      | 8825 ||| Stepping ~*~*~tactically~*~*~ (stealth).
  8826 | D:9      | 8826 ||| Stepping ~*~*~tactically~*~*~ (stealth).
  8827 | D:9      | 8827 ||| Stepping ~*~*~tactically~*~*~ (stealth).
  8828 | D:9      | 8828 ||| Stepping ~*~*~tactically~*~*~ (stealth).
  8829 | D:9      | 8829 ||| Stepping ~*~*~tactically~*~*~ (stealth).
  8834 | D:9      | Reached *** piety under Okawaru
  8873 | D:9      | 8873 ||| Stepping ~*~*~tactically~*~*~ (hiding).
  8877 | D:9      | 8877 ||| INVOKING Heroism.
  8878 | D:9      | 8878 ||| Stepping ~*~*~tactically~*~*~ (stealth).
  8881 | D:9      | 8881 ||| Stepping ~*~*~tactically~*~*~ (hiding).
  8974 | D:9      | Found Uhehikk's Jewellery Boutique.
  8988 | D:9      | 8988 ||| SHOPLISTING ring "Hokoem" {rF+ Str+6} (500 gold,
                  | have 325).
  8988 | D:9      | 8988 ||| SHOPLISTING ring "Ulackaov" {Fly rCorr Int+3} (364
                  | gold, have 325).
  8988 | D:9      | 8988 ||| BUYING ring of protection from fire (250 gold).
  8988 | D:9      | Bought a ring of protection from fire for 250 gold pieces
  9086 | D:9      | Identified the +3 dagger of Mutilation {protect, Fly rF-
                  | Int+3 Dex+4}
  9218 | D:9      | 9218 ||| INVOKING Heroism.
  9226 | D:9      | Reached XP level 11. HP: 68/68 MP: 12/14
  9396 | D:9      | 9396 ||| DROPPING ring of magical power.
  9397 | D:9      | 9397 ||| READING scroll labelled WUMNOG HUDDIU.
  9398 | D:9      | 9398 ||| READING 7 scrolls of identify.
  9398 | D:9      | 9398 ||| IDENTIFYING yellow potion
  9434 | D:10     | Entered Level 10 of the Dungeon
  9437 | D:10     | Found a runed translucent door.
  9503 | D:10     | 9503 ||| INVOKING Heroism.
  9507 | D:10     | Reached skill level 11 in Axes
  9560 | D:10     | 9560 ||| INVOKING Heroism.
  9616 | D:10     | 9616 ||| INVOKING Heroism.
  9632 | D:10     | Reached **** piety under Okawaru
  9632 | D:10     | Received a gift from Okawaru
  9643 | D:10     | Found a flagged portal.
  9825 | D:10     | Noticed Apidaj's ghost (journeyman TrCA)
  9827 | D:10     | 9827 ||| READING scroll labelled XUDEAGO JEMOC.
  9828 | D:10     | 9828 ||| READING 7 scrolls of identify.
  9828 | D:10     | 9828 ||| IDENTIFYING bubbling yellow potion
  9829 | D:10     | 9829 ||| DROPPING potion of ambrosia.
  9853 | D:11     | Noticed a boulder beetle
  9853 | D:11     | Found a staircase to the Lair.
  9854 | D:11     | 9854 ||| INVOKING Heroism.
  9866 | D:11     | Reached skill level 9 in Fighting
  9900 | D:11     | 9900 ||| INVOKING Heroism.
  9920 | D:11     | Noticed a two-headed ogre
  9923 | D:11     | 9923 ||| INVOKING Heroism.
  9930 | D:11     | Killed a two-headed ogre
  9931 | D:11     | Reached skill level 6 in Invocations
  9935 | D:11     | Killed a boulder beetle
 10038 | D:11     | 10038 ||| Stepping ~*~*~tactically~*~*~ (stealth).
 10040 | D:11     | 10040 ||| INVOKING Heroism.
 10087 | D:11     | Noticed a cyclops
 10088 | D:11     | 10088 ||| INVOKING Heroism.
 10094 | D:11     | Killed a cyclops
 10152 | D:11     | Found a staircase to the Orcish Mines.
 10173 | D:11     | Noticed Psyche
 10174 | D:11     | 10174 ||| INVOKING Heroism.
 10179 | D:11     | Killed Psyche
 10286 | D:11     | 10286 ||| Stepping ~*~*~tactically~*~*~ (hiding).
 10473 | D:11     | 10473 ||| DRINKING 5 potions of curing.
 10473 | D:11     | 10473 ||| (to cure confusion)
 10528 | D:11     | 10528 ||| INVOKING Heroism.
 10650 | D:11     | 10650 ||| Stepping ~*~*~tactically~*~*~ (hiding).
 10654 | D:11     | 10654 ||| INVOKING Heroism.
 10678 | D:11     | 10678 ||| READING scroll of acquirement.
 10678 | D:11     | 10678 ||| ACQUIRING +12 war axe "Grim Tooth" {pain, rC++
                  | Stlth+}
 10678 | D:11     | Acquired the +12 war axe "Grim Tooth" {pain, rC++ Stlth+}
 10775 | D:11     | 10775 ||| PLANNING LAIR
 10775 | D:11     | 10775 ||| DROPPING +1 helmet.
 10776 | D:11     | 10776 ||| UPGRADING to +2 helmet of see invisible.
 10786 | D:11     | 10786 ||| DROPPING +1 hat of see invisible.
 10787 | D:11     | 10787 ||| READING scroll labelled OFFE HOG EFRO.
 10788 | D:11     | 10788 ||| READING scroll labelled NUCHAMM CECIKK.
 10831 | Lair:1   | Entered Level 1 of the Lair of Beasts
 10879 | Lair:1   | 10879 ||| INVOKING Heroism.
 10904 | Lair:1   | Reached skill level 12 in Axes
 11010 | Lair:1   | 11010 ||| Stepping ~*~*~tactically~*~*~ (stealth).
 11014 | Lair:1   | You fall into a shaft and drop 1 floor!
 11060 | Lair:2   | Reached XP level 12. HP: 76/76 MP: 18/18
 11090 | Lair:2   | Found a staircase to the Swamp.
 11244 | Lair:1   | 11244 ||| INVOKING Heroism.
 11252 | Lair:1   | Reached ***** piety under Okawaru
 11320 | Lair:1   | 11320 ||| Stepping ~*~*~tactically~*~*~ (stealth).
 11323 | Lair:1   | 11323 ||| Stepping ~*~*~tactically~*~*~ (stealth).
 11331 | Lair:1   | 11331 ||| INVOKING Heroism.
 11337 | Lair:1   | Reached skill level 9 in Armour
 11337 | Lair:1   | Reached skill level 9 in Invocations
 11391 | Lair:1   | Noticed a catoblepas
 11392 | Lair:1   | 11392 ||| Stepping ~*~*~tactically~*~*~ (hiding).
 11394 | Lair:1   | 11394 ||| INVOKING Heroism.
 11395 | Lair:1   | 11395 ||| INVOKING Finesse.
 11408 | Lair:1   | Killed a catoblepas
 11409 | Lair:1   | Reached skill level 6 in Shields
 11493 | Lair:1   | 11493 ||| Stepping ~*~*~tactically~*~*~ (stealth).
 11495 | Lair:1   | 11495 ||| INVOKING Heroism.
 11860 | Lair:2   | 11860 ||| Stepping ~*~*~tactically~*~*~ (hiding).
 11870 | Lair:2   | 11870 ||| INVOKING Heroism.
 11882 | Lair:2   | 11882 ||| Stepping ~*~*~tactically~*~*~ (hiding).
 11893 | Lair:2   | Received a gift from Okawaru
 11896 | Lair:2   | 11896 ||| Stepping ~*~*~tactically~*~*~ (hiding).
 11959 | Lair:2   | Found a staircase to the Snake Pit.
 12157 | Lair:2   | 12157 ||| INVOKING Heroism.
 12546 | Lair:3   | Received a gift from Okawaru
 12557 | Lair:3   | 12557 ||| INVOKING Heroism.
 12561 | Lair:3   | Noticed a catoblepas
 12562 | Lair:3   | 12562 ||| INVOKING Finesse.
 12580 | Lair:3   | Killed a catoblepas
 12634 | Lair:3   | 12634 ||| Stepping ~*~*~tactically~*~*~ (stealth).
 12636 | Lair:3   | 12636 ||| INVOKING Heroism.
 12637 | Lair:3   | 12637 ||| Stepping ~*~*~tactically~*~*~ (stealth).
 12639 | Lair:3   | Identified the +3 ring mail "Ikhog" {Str+4} (Okawaru gifted
                  | it to you on level 3 of the Lair of Beasts)
 12639 | Lair:3   | Received a gift from Okawaru
 12649 | Lair:3   | Reached skill level 13 in Axes
 12655 | Lair:3   | 12655 ||| Stepping ~*~*~tactically~*~*~ (stealth).
 12659 | Lair:3   | Reached XP level 13. HP: 73/82 MP: 20/20
 12701 | Lair:3   | 12701 ||| Stepping ~*~*~tactically~*~*~ (cloud).
 12707 | Lair:3   | 12707 ||| Stepping ~*~*~tactically~*~*~ (cloud).
 12708 | Lair:3   | 12708 ||| Stepping ~*~*~tactically~*~*~ (cloud).
 12709 | Lair:3   | 12709 ||| Stepping ~*~*~tactically~*~*~ (cloud).
 12710 | Lair:3   | 12710 ||| INVOKING Heroism.
 12825 | Lair:3   | 12825 ||| FLEEEEING.
 12826 | Lair:3   | 12826 ||| FLEEEEING.
 12829 | Lair:3   | 12829 ||| FLEEEEING.
 12832 | Lair:3   | 12832 ||| FLEEEEING.
 12833 | Lair:3   | 12833 ||| FLEEEEING.
 12834 | Lair:3   | 12834 ||| FLEEEEING.
 12835 | Lair:3   | 12835 ||| STAIRDANCE
 12873 | Lair:3   | 12873 ||| STAIRDANCE
 12881 | Lair:3   | 12881 ||| STAIRDANCE
 12888 | Lair:3   | 12888 ||| STAIRDANCE
 12890 | Lair:2   | 12890 ||| INVOKING Heroism.
 12946 | Lair:3   | Noticed Nergalle
 12953 | Lair:3   | 12953 ||| INVOKING Heroism.
 12968 | Lair:3   | Killed Nergalle
 13679 | Lair:4   | Noticed Sonja
 13680 | Lair:4   | 13680 ||| INVOKING Finesse.
 13687 | Lair:4   | 13687 ||| INVOKING Heroism.
 13718 | Lair:4   | Killed Sonja
 13719 | Lair:4   | Reached skill level 14 in Axes
 13721 | Lair:4   | 13721 ||| Stepping ~*~*~tactically~*~*~ (hiding).
 13723 | Lair:4   | 13723 ||| Stepping ~*~*~tactically~*~*~ (hiding).
 13731 | Lair:4   | 13731 ||| INVOKING Heroism.
 13732 | Lair:4   | 13732 ||| INVOKING Finesse.
 13821 | Lair:4   | 13821 ||| INVOKING Heroism.
 13822 | Lair:4   | 13822 ||| INVOKING Finesse.
 13825 | Lair:4   | 13825 ||| FLEEEEING.
 13826 | Lair:4   | 13826 ||| FLEEEEING.
 13827 | Lair:4   | 13827 ||| FLEEEEING.
 13873 | Lair:4   | 13873 ||| INVOKING Heroism.
 13874 | Lair:4   | 13874 ||| INVOKING Finesse.
 13881 | Lair:4   | Paralysed by a floating eye for 4 turns
 13894 | Lair:4   | Received a gift from Okawaru
 13900 | Lair:4   | 13900 ||| INVOKING Finesse.
 13913 | Lair:4   | Identified the +9 great mace of Bloody Death {venom, Will-
                  | rCorr Int+4}
 14203 | Lair:4   | 14203 ||| INVOKING Heroism.
 14204 | Lair:4   | 14204 ||| INVOKING Finesse.
 14206 | Lair:4   | Found a staircase to the Slime Pits.
 14206 | Lair:4   | Found a viscous altar of Jiyva.
 14209 | Lair:4   | HP: 15/84 [oklob plant/splash of acid (14)]
 14210 | Lair:4   | 14210 ||| READING 5 scrolls of teleportation.
 14210 | Lair:4   | HP: 6/84 [acid (9)]
 14211 | Lair:4   | 14211 ||| DRINKING 7 potions of heal wounds.
 14212 | Lair:4   | 14212 ||| DRINKING 6 potions of heal wounds.
 14214 | Lair:4   | 14214 ||| DRINKING 5 potions of heal wounds.
 14493 | Lair:4   | 14493 ||| Stepping ~*~*~tactically~*~*~ (hiding).
 14703 | Lair:4   | 14703 ||| INVOKING Heroism.
 14704 | Lair:4   | 14704 ||| INVOKING Finesse.
 14981 | Lair:4   | 14981 ||| DRINKING 2 metallic black potions.
 14982 | Lair:4   | 14982 ||| DRINKING 2 glowing purple potions.
 14983 | Lair:4   | 14983 ||| DROPPING potion of flight.
 14988 | Lair:5   | Entered Level 5 of the Lair of Beasts
 14989 | Lair:5   | 14989 ||| INVOKING Heroism.
 15003 | Lair:5   | Received a gift from Okawaru
 15006 | Lair:5   | 15006 ||| STAIRDANCE
 15008 | Lair:4   | 15008 ||| INVOKING Heroism.
 15035 | Lair:5   | 15035 ||| STAIRDANCE
 15056 | Lair:5   | 15056 ||| INVOKING Heroism.
 15085 | Lair:5   | 15085 ||| STAIRDANCE
 15217 | Lair:5   | Reached skill level 15 in Axes
 15258 | Lair:5   | 15258 ||| INVOKING Heroism.
 15310 | Lair:5   | Gained mutation: Your large and strong wings let you fly.
                  | [Gargoyle growth]
 15310 | Lair:5   | Reached XP level 14. HP: 90/90 MP: 21/21
 15310 | Lair:5   | Identified the +2 robe "Jiohugul" {Dex+4} (Okawaru gifted
                  | it to you on level 5 of the Lair of Beasts)
 15310 | Lair:5   | Received a gift from Okawaru
 15320 | Lair:5   | 15320 ||| Stepping ~*~*~tactically~*~*~ (stealth).
 15321 | Lair:5   | 15321 ||| FLEEEEING.
 15322 | Lair:5   | 15322 ||| Stepping ~*~*~tactically~*~*~ (hiding).
 15323 | Lair:5   | 15323 ||| FLEEEEING.
 15324 | Lair:5   | 15324 ||| Stepping ~*~*~tactically~*~*~ (hiding).
 15325 | Lair:5   | 15325 ||| INVOKING Heroism.
 15330 | Lair:5   | 15330 ||| INVOKING Finesse.
 15452 | Lair:5   | 15452 ||| FLEEEEING.
 15453 | Lair:5   | 15453 ||| FLEEEEING.
 15454 | Lair:5   | 15454 ||| FLEEEEING.
 15455 | Lair:5   | 15455 ||| Stepping ~*~*~tactically~*~*~ (stealth).
 15456 | Lair:5   | 15456 ||| Stepping ~*~*~tactically~*~*~ (stealth).
 15488 | Lair:5   | 15488 ||| Stepping ~*~*~tactically~*~*~ (stealth).
 15593 | Lair:5   | 15593 ||| Stepping ~*~*~tactically~*~*~ (stealth).
 15601 | Lair:5   | 15601 ||| Stepping ~*~*~tactically~*~*~ (hiding).
 15603 | Lair:5   | 15603 ||| Stepping ~*~*~tactically~*~*~ (hiding).
 15608 | Lair:5   | 15608 ||| Stepping ~*~*~tactically~*~*~ (cloud).
 15609 | Lair:5   | 15609 ||| Stepping ~*~*~tactically~*~*~ (cloud).
 15611 | Lair:5   | 15611 ||| FLEEEEING.
 15612 | Lair:5   | 15612 ||| FLEEEEING.
 15786 | Lair:5   | 15786 ||| Stepping ~*~*~tactically~*~*~ (hiding).
 15787 | Lair:5   | 15787 ||| INVOKING Heroism.
 15788 | Lair:5   | 15788 ||| Stepping ~*~*~tactically~*~*~ (hiding).
 15789 | Lair:5   | 15789 ||| SWAPPING to +1 war axe of flaming.
 15796 | Lair:5   | 15796 ||| SWAPPING to +4 broad axe of the Shrinking Gods
                  | {vamp, rPois rCorr Int+3 Dex-3}.
 15914 | Lair:5   | 15914 ||| Stepping ~*~*~tactically~*~*~ (stealth).
 15919 | Lair:5   | 15919 ||| Stepping ~*~*~tactically~*~*~ (stealth).
 15933 | Lair:5   | Reached skill level 12 in Fighting
 16110 | Lair:5   | 16110 ||| INVOKING Heroism.
 16152 | Lair:5   | 16152 ||| Stepping ~*~*~tactically~*~*~ (stealth).
 16154 | Lair:5   | 16154 ||| Stepping ~*~*~tactically~*~*~ (stealth).
 16160 | Lair:5   | 16160 ||| Stepping ~*~*~tactically~*~*~ (stealth).
 16183 | Lair:5   | 16183 ||| Stepping ~*~*~tactically~*~*~ (stealth).
 16447 | Lair:5   | 16447 ||| Stepping ~*~*~tactically~*~*~ (stealth).
 16450 | Lair:5   | 16450 ||| Stepping ~*~*~tactically~*~*~ (hiding).
 16462 | Lair:5   | 16462 ||| INVOKING Heroism.
 16532 | Lair:5   | 16532 ||| PLANNING D
 16532 | Lair:5   | 16532 ||| UPGRADING to +0 crystal plate armour.
 16542 | Lair:5   | 16542 ||| DROPPING +0 plate armour.
 16543 | Lair:5   | 16543 ||| UPGRADING to amulet of reflection.
 16695 | D:12     | 16695 ||| INVOKING Heroism.
 16696 | D:12     | 16696 ||| SWAPPING to +1 war axe of flaming.
 16701 | D:12     | 16701 ||| SWAPPING to +4 broad axe of the Shrinking Gods
                  | {vamp, rPois rCorr Int+3 Dex-3}.
 16742 | D:12     | Noticed Frances
 16743 | D:12     | 16743 ||| INVOKING Finesse.
 16760 | D:12     | Killed Frances
 16853 | D:12     | Noticed Snorg
 16855 | D:12     | 16855 ||| INVOKING Heroism.
 16856 | D:12     | 16856 ||| INVOKING Finesse.
 16862 | D:12     | Killed Snorg
 16870 | D:12     | Reached skill level 12 in Armour
 16969 | D:12     | Found a transporter.
 16973 | D:12     | Found a transporter.
 16975 | D:12     | Found a transporter.
 16998 | D:12     | Found a transporter.
 17754 | D:13     | 17754 ||| FLEEEEING.
 17755 | D:13     | 17755 ||| FLEEEEING.
 17756 | D:13     | 17756 ||| FLEEEEING.
 17757 | D:13     | 17757 ||| FLEEEEING.
 17758 | D:13     | 17758 ||| FLEEEEING.
 17759 | D:13     | 17759 ||| FLEEEEING.
 17763 | D:13     | 17763 ||| FLEEEEING.
 17764 | D:13     | 17764 ||| FLEEEEING.
 17765 | D:13     | 17765 ||| FLEEEEING.
 17766 | D:13     | 17766 ||| FLEEEEING.
 17767 | D:13     | 17767 ||| FLEEEEING.
 17768 | D:13     | 17768 ||| FLEEEEING.
 17769 | D:13     | 17769 ||| FLEEEEING.
 17770 | D:13     | 17770 ||| FLEEEEING.
 17771 | D:13     | 17771 ||| FLEEEEING.
 17772 | D:13     | 17772 ||| FLEEEEING.
 17773 | D:13     | 17773 ||| STAIRDANCE
 17913 | D:13     | 17913 ||| READING scroll of enchant armour.
 17913 | D:13     | 17913 ||| ENCHANTING +0 crystal plate armour.
 18026 | D:14     | 18026 ||| INVOKING Heroism.
 18028 | D:14     | 18028 ||| STAIRDANCE
 18044 | D:14     | 18044 ||| STAIRDANCE
 18062 | D:14     | 18062 ||| STAIRDANCE
 18081 | D:14     | 18081 ||| INVOKING Heroism.
 18219 | D:14     | 18219 ||| INVOKING Heroism.
 18281 | D:14     | 18281 ||| INVOKING Heroism.
 18282 | D:14     | 18282 ||| INVOKING Finesse.
 18287 | D:14     | 18287 ||| SWAPPING to +1 war axe of flaming.
 18293 | D:14     | Reached skill level 3 in Dodging
 18293 | D:14     | 18293 ||| SWAPPING to +4 broad axe of the Shrinking Gods
                  | {vamp, rPois rCorr Int+3 Dex-3}.
 18362 | D:14     | Found a gate to the Vaults.
 18363 | D:14     | 18363 ||| INVOKING Heroism.
 18364 | D:14     | 18364 ||| INVOKING Finesse.
 18368 | D:14     | 18368 ||| Stepping ~*~*~tactically~*~*~ (hiding).
 18380 | D:14     | Received a gift from Okawaru
 18381 | D:14     | Reached XP level 15. HP: 96/96 MP: 15/22
 18443 | D:14     | Received a gift from Okawaru
 18489 | D:14     | Reached skill level 3 in Throwing
 18603 | D:14     | 18603 ||| Stepping ~*~*~tactically~*~*~ (hiding).
 18629 | D:14     | Reached skill level 16 in Axes
 18699 | D:14     | 18699 ||| Stepping ~*~*~tactically~*~*~ (stealth).
 18702 | D:14     | 18702 ||| Stepping ~*~*~tactically~*~*~ (stealth).
 18707 | D:14     | 18707 ||| INVOKING Heroism.
 18855 | D:14     | 18855 ||| DROPPING ring of wizardry.
 18879 | D:15     | Entered Level 15 of the Dungeon
 18880 | D:15     | 18880 ||| Stepping ~*~*~tactically~*~*~ (hiding).
 18883 | D:15     | 18883 ||| Stepping ~*~*~tactically~*~*~ (hiding).
 18888 | D:15     | 18888 ||| STAIRDANCE
 18994 | D:15     | 18994 ||| STAIRDANCE
 19001 | D:15     | 19001 ||| STAIRDANCE
 19049 | D:15     | 19049 ||| INVOKING Heroism.
 19194 | D:15     | 19194 ||| INVOKING Heroism.
 19234 | D:15     | Identified the ring of Piecao {Str+6 Slay+3}
 19249 | D:15     | Found a blossoming altar of Fedhas.
 19279 | D:15     | Found Juodyriohu's Distillery.
 19287 | D:15     | 19287 ||| BUYING potion of attraction (39 gold).
 19287 | D:15     | Bought a potion of attraction for 39 gold pieces
 19287 | D:15     | 19287 ||| BUYING potion of cancellation (104 gold).
 19287 | D:15     | Bought a potion of cancellation for 104 gold pieces
 19287 | D:15     | 19287 ||| BUYING potion of haste (130 gold).
 19287 | D:15     | Bought a potion of haste for 130 gold pieces
 19287 | D:15     | 19287 ||| BUYING potion of heal wounds (65 gold).
 19287 | D:15     | Bought a potion of heal wounds for 65 gold pieces
 19287 | D:15     | 19287 ||| BUYING potion of lignification (39 gold).
 19287 | D:15     | Bought a potion of lignification for 39 gold pieces
 19287 | D:15     | 19287 ||| BUYING potion of magic (104 gold).
 19287 | D:15     | Bought a potion of magic for 104 gold pieces
 19287 | D:15     | 19287 ||| BUYING potion of mutation (104 gold).
 19287 | D:15     | Bought a potion of mutation for 104 gold pieces
 19287 | D:15     | 19287 ||| BUYING potion of mutation (104 gold).
 19287 | D:15     | Bought a potion of mutation for 104 gold pieces
 19349 | D:15     | Found Wobbomol's Weapon Shoppe.
 19376 | D:15     | Found Hurph's Magic Scroll Shoppe.
 19379 | D:15     | 19379 ||| Stepping ~*~*~tactically~*~*~ (hiding).
 19461 | D:15     | 19461 ||| SHOPLISTING scroll of teleportation (36 gold,
                  | have 29).
 19637 | D:15     | 19637 ||| Stepping ~*~*~tactically~*~*~ (stealth).
 19639 | D:15     | 19639 ||| Stepping ~*~*~tactically~*~*~ (hiding).
 19640 | D:15     | 19640 ||| Stepping ~*~*~tactically~*~*~ (hiding).
 19660 | D:15     | Found a hazy altar of Hepliaklqana.
 19721 | D:15     | Found Homits's Book Boutique.
 19763 | D:15     | Received a gift from Okawaru
 19869 | D:15     | Found a staircase to the Depths.
 19991 | D:15     | 19991 ||| PLANNING ORC
 19991 | D:15     | 19991 ||| UPGRADING to ring of Piecao {Str+6 Slay+3}.
 19993 | D:15     | 19993 ||| DROPPING +4 ring of evasion.
 20088 | Orc:1    | Entered Level 1 of the Orcish Mines
 20090 | Orc:1    | 20090 ||| Stepping ~*~*~tactically~*~*~ (hiding).
 20091 | Orc:1    | 20091 ||| Stepping ~*~*~tactically~*~*~ (hiding).
 20092 | Orc:1    | 20092 ||| Stepping ~*~*~tactically~*~*~ (hiding).
 20206 | Orc:1    | You are sucked into a shaft and drop 1 floor!
 20206 | Orc:2    | Entered Level 2 of the Orcish Mines
 20207 | Orc:2    | 20207 ||| INVOKING Heroism.
 20212 | Orc:2    | Found Isygargho's Antique Armour Shop.
 20212 | Orc:2    | Found Buskuyc's Book Boutique.
 20246 | Orc:2    | Paralysed by an orc sorcerer for 4 turns
 20249 | Orc:2    | HP: 22/96 [red devil/+0 trident[an orc sorcerer] (4)]
 20250 | Orc:2    | HP: 8/96 [orc warrior/+0 halberd (14)]
 20251 | Orc:2    | 20251 ||| READING 8 scrolls of teleportation.
 20251 | Orc:2    | Killed from afar by an orc priest

Levels and vault maps discovered:
D:1:      amcnicky_arrival_blooded_trapdoor, layout_basic,
          hellmonk_ecumenical_altar_zigzags
D:2:      layout_loops_corners, serial_shops, shop, basic_altar,
          minmay_indecisive_spiral
D:3:      minmay_chambers_of_threes, layout_basic, elyvilon_altar_4,
          lightli_corner_chamber, uniq_grinder
D:4:      layout_cave_pods
D:5:      layout_basic, gup_sewer_entry_pipe, corner_web_ring,
          uniq_blork_the_orc
D:6:      layout_basic, lightli_temple_of_fire, minmay_temple_entry_wispy,
          serial_bayou_pond_b, minmay_crystal_room, uniq_duvessa, uniq_menkaure,
          uniq_maggie
D:7:      layout_basic, minitemple, minmay_misc_feat_room, guppyfry_shop_venom
D:8:      layout_layer_cave, uniq_gastronok
D:9:      layout_irregular_city, mainiacjoe_overflow_concentric_impassable,
          serial_shops, nicolae_shop_waterfront
D:10:     layout_big_octagon, ebering_ghost_reflecting_pool, enter_bailey_5
D:11:     layout_irregular_city, minmay_lair_entry_grove, uniq_psyche
D:12:     layout_cave_pools, abandoned_shop, nicolae_transporter_circle,
          uniq_snorg, uniq_frances
D:13:     layout_loops_cross, solitary_fountain, solitary_fountain
D:14:     layout_roguey, lightli_vaults_fourway_checkpoint,
          nicolae_concentric_dashed_squares_mild
D:15:     grunt_enter_depths_giant_problem, layout_irregular_city,
          old_standard_altar, serial_shops,
          nicolae_shop_competitors_out_of_business, nicolae_inconvenience_store,
          nicolae_shop_bloodbath_and_beyond, shop,
          nicolae_hepliaklqana_monster_ancestors
Temple:   nicolae_temple_god_jail
Lair:1:   layout_misc_corridors, beast_lair_carwin_9
Lair:2:   layout_cave_pods, swamp_mist_pool, minmay_snake_entry_guardpost_large
Lair:3:   layout_gridlike, nicolae_volcano_entry_batcave, serial_bayou_pond_d,
          st_stairs_12, eino_small_chamber_without_monster, uniq_nergalle
Lair:4:   layout_cave_pods, minmay_slime_entry_oklob_enclosed, disabler_island,
          uniq_sonja
Lair:5:   gammafunk_lair_ancient_temple, layout_cellular_growth,
          kennysheep_abandoned_house, serial_bayou_shore_b
Orc:1:    layout_caves, portal_ice_cave_entry_ice_simulacra, basic_altar
Orc:2:    st_orc_mages, layout_diamond_mine, rock_pile

Skill      XL: |  1  2  3  4  5  6  7  8  9 10 11 12 13 14 15 |
---------------+----------------------------------------------+-----
Axes           | 2 3 5 7 8 9 10 12 13 15 16 | 16.0
Throwing       | 1 2 5 |  5.9
Dodging        | 1 2 3 |  3.2
Fighting       | 4 5 6 7 8 9 10 11 12 | 12.0
Armour         | 4 6 7 8 9 10 13 14 | 14.5
Shields        | 4 5 6 7 8 |  8.0
Invocations    | 4 8 10 | 10.0

Action                   |  1- 3 |  4- 6 |  7- 9 | 10-12 | 13-15 || total
-------------------------+-------+-------+-------+-------+-------++-------
Melee: War axe           |   120 |    69 |   119 |       |    11 ||   319
       Kick              |     6 |     7 |    43 |   156 |   339 ||   551
       Broad axe         |       |       |    41 |   466 |   870 ||  1377
Throw: Javelin           |       |    23 |    11 |     6 |     9 ||    49
       Boomerang         |       |     4 |    24 |    93 |   138 ||   259
Invok: Heroism           |       |       |       |    27 |    28 ||    55
       Finesse           |       |       |       |     2 |    12 ||    14
  Use: Scroll            |    15 |     6 |     2 |     9 |     3 ||    35
       Potion            |     4 |       |       |     3 |     5 ||    12
Armor: Scale mail        |    69 |    20 |       |       |       ||    89
       Chain mail        |       |     3 |    75 |     3 |       ||    81
       Plate armour      |       |       |       |   279 |   237 ||   516
       Crystal plate arm |       |       |       |       |   242 ||   242
Dodge: Dodged            |    52 |    24 |    82 |   247 |   276 ||   681
Block: Buckler           |    23 |    16 |    33 |   109 |   287 ||   468
       Reflection        |       |       |       |       |    13 ||    13

Table legend:
 A = Non-vault XP
 B = Vault XP
 C = Vault XP percentage of total XP
 D = Non-vault monster count
 E = Vault monster count
 F = Vault count percentage of total count
                 A         B        C        D         E       F
            +---------+---------+-------+---------+---------+-------
      Total |   77454 |   36184 |  31.8 |     370 |     149 |  28.7
            +---------+---------+-------+---------+---------+-------
        D:1 |      38 |       0 |   0.0 |      20 |       0 |   0.0
        D:2 |      23 |       8 |  25.8 |      15 |       4 |  21.1
        D:3 |      39 |     329 |  89.4 |      13 |      13 |  50.0
        D:4 |     101 |       0 |   0.0 |       5 |       0 |   0.0
        D:5 |    1343 |     106 |   7.3 |      16 |       7 |  30.4
        D:6 |    1018 |     961 |  48.6 |      16 |       8 |  33.3
        D:7 |     750 |     161 |  17.7 |      12 |       2 |  14.3
        D:8 |    1312 |    1492 |  53.2 |      18 |       1 |   5.3
        D:9 |    1791 |       0 |   0.0 |      19 |       0 |   0.0
       D:10 |    1232 |       7 |   0.6 |      15 |       4 |  21.1
       D:11 |    3480 |    2341 |  40.2 |      15 |      14 |  48.3
       D:12 |    4822 |    2452 |  33.7 |      15 |       2 |  11.8
       D:13 |    5881 |       0 |   0.0 |      16 |       0 |   0.0
       D:14 |   10751 |    8298 |  43.6 |      22 |      12 |  35.3
       D:15 |    9449 |    1056 |  10.1 |      21 |       3 |  12.5
     Lair:1 |    7562 |     595 |   7.3 |      29 |       4 |  12.1
     Lair:2 |    3432 |    1298 |  27.4 |      17 |       8 |  32.0
     Lair:3 |    5757 |    1577 |  21.5 |      22 |       5 |  18.5
     Lair:4 |    7293 |    5918 |  44.8 |      24 |      12 |  33.3
     Lair:5 |   11333 |    7109 |  38.5 |      37 |      31 |  45.6
      Orc:1 |      47 |       0 |   0.0 |       3 |       0 |   0.0
      Orc:2 |       0 |    2476 | 100.0 |       0 |      19 | 100.0
            +---------+---------+-------+---------+---------+-------
